Map: Emerald City LE

Players

Darkmerlinn - Winner!

  • Race: Zerg Zerg
  • League: Diamond
  • Spawn Location: 5:00

BabyBamBoo - Winner!

  • Race: Protoss Protoss
  • League: Diamond
  • Spawn Location: 5:00

OpuS

  • Race: Protoss Protoss
  • League: Platinum
  • Spawn Location: 11:00

Sketchaphone

  • Race: Zerg Zerg
  • League: Platinum
  • Spawn Location: 11:00

VOD

Have the link to the VOD?

Description

Time

  • Played on: Feb. 17, 2019, 7:14 p.m.
  • Length: 15:09
Show
View Real Time Build Order
Export as new Build Order

Darkmerlinn Zerg - Winner!

Build Orders: Hatch First 

Get SALT Encoding   

  12  0:03  Drone  
  13  0:15  Overlord  
  13  0:19  Drone  
  14  0:34  Drone x2  
  16  0:40  Drone  
  17  0:58  Hatchery  
  17  1:02  Drone x2  
  18  1:14  Extractor  
  17  1:18  Spawning Pool  
  17  1:19  Drone  
  17  1:21  Drone  
  18  1:31  Drone  
  19  1:49  Drone  
  20  2:06  Queen  
  22  2:10  Queen  
  22  2:13  Zergling x2  
  25  2:18  Hatchery  
  24  2:24  Metabolic Boost  
  24  2:37  Zergling x8  
  24  2:40  Overlord  
  28  2:57  Overlord  
  28  2:59  Zergling x2  
  28  3:00  Zergling x2  
  30  3:12  Zergling x2  
  31  3:13  Zergling x4  
  31  3:19  Zergling x2  
  34  3:20  Zergling x6  
  36  3:40  Drone x2  
  36  3:41  Drone x3  
  38  4:05  Roach Warren, Drone x3  
  38  4:06  Extractor  
  38  4:07  Drone  
  38  4:08  Drone x4  
  44  4:16  Overlord  
  40  4:37  Overlord x2  
  40  4:46  Roach  
  40  4:47  Roach x5  
  46  5:25  Roach  
  46  5:26  Roach x11  
  62  5:32  Zergling x2  
  57  5:41  Zergling x2  
  57  5:42  Zergling x2  
  47  6:06  Drone  
  47  6:07  Drone x7  
  55  6:24  Drone  
  55  6:25  Drone x6  
  61  6:45  Zergling x2  
  61  6:46  Zergling x10  
  65  6:54  Overlord x3  
  65  7:01  Overlord  
  65  7:12  Zergling x2  
  65  7:13  Zergling x4  
  65  7:14  Queen x3  
  69  7:50  Zergling x16  
  69  7:51  Zergling x2  
  54  8:16  Extractor  
  53  8:40  Overlord  
  53  8:48  Lair  
  53  8:53  Drone x3  
  53  8:54  Extractor  
  55  8:56  Roach x6  
  55  8:57  Roach x8  
  83  9:35  Roach  
  83  9:36  Roach x9  
  96  9:49  Zergling x2  
  96  9:50  Zergling x6  
  99  10:01  Hatchery  
  94  10:11  Hatchery  
  84  10:49  Hatchery  
  81  11:14  Hatchery  
  80  11:51  Drone  
  80  11:52  Drone x2  
  69  12:24  Drone x2  
  69  12:25  Drone  
  69  12:26  Drone  
  69  12:27  Drone x3  
  74  12:51  Extractor x2  
  73  12:53  Spine Crawler  
  73  12:54  Spine Crawler  
  73  12:57  Ravager x2  
  73  12:58  Ravager x9  
  81  13:07  Drone x2  
  81  13:08  Drone x4  
  81  13:09  Drone x2  
  83  13:21  Drone x3  
  80  13:41  Hatchery  
  61  14:00  Spore Crawler  
  60  14:03  Spore Crawler  
  60  14:04  Drone x2  
  60  14:05  Drone  
  60  14:06  Drone  
  64  14:10  Drone x3  
  66  14:17  Overlord  
  67  14:24  Drone x5  
  71  14:34  Drone  
  71  14:35  Drone x2  
  74  14:40  Hatchery  
  74  14:42  Drone  
  74  14:43  Drone  
Show
View Real Time Build Order
Export as new Build Order

BabyBamBoo Protoss - Winner!

Build Orders:  

Get SALT Encoding   

  12  0:01  Probe  
  13  0:17  Pylon  
  13  0:18  Probe  
  13  0:26  Probe  
  15  0:41  Forge  
  15  0:44  Probe  
  16  0:56  Pylon  
  16  1:01  Probe  
  17  1:20  Probe  
  18  1:30  Pylon  
  18  1:40  Probe  
  19  1:52  Photon Cannon  
  19  2:00  Photon Cannon  
  19  2:20  Photon Cannon  
  19  2:22  Photon Cannon  
  19  2:27  Nexus  
  19  2:52  Probe  
  20  3:00  Probe  
  21  3:10  Probe  
  21  3:17  Pylon  
  21  3:22  Probe, Assimilator  
  21  3:25  Assimilator  
  22  3:32  Probe  
  23  3:37  Gateway  
  23  3:40  Probe  
  23  3:42  Probe  
  23  3:48  Probe  
  25  3:54  Probe  
  27  4:00  Probe  
  28  4:06  Probe  
  28  4:08  Assimilator  
  29  4:12  Probe  
  29  4:13  Assimilator  
  30  4:18  Probe  
  31  4:24  Probe  
  31  4:26  Cybernetics Core  
  31  4:30  Probe  
  33  4:33  Probe  
  34  4:41  Probe  
  34  4:42  Probe  
  34  4:44  Pylon  
  36  4:51  Probe  
  36  4:54  Probe  
  38  5:03  Probe  
  38  5:04  Stargate  
  38  5:06  Probe  
  40  5:07  Stargate  
  40  5:08  Stargate  
  40  5:15  Nexus  
  40  5:18  Probe  
  41  5:29  Probe  
  42  5:37  Probe  
  43  5:44  Photon Cannon  
  43  5:45  Photon Cannon  
  43  5:46  Probe  
  43  5:47  Photon Cannon  
  43  5:49  Void Ray  
  48  5:58  Probe  
  49  6:10  Probe  
  53  6:30  Void Ray  
  61  6:38  Pylon  
  61  6:39  Pylon  
  61  6:43  Pylon  
  61  6:50  Pylon  
  61  6:52  Pylon  
  61  6:54  Pylon  
  61  6:56  Void Ray  
  61  7:00  Protoss Air Weapons Level 1  
  61  7:01  Probe  
  62  7:06  Pylon  
  62  7:13  Probe  
  67  7:25  Probe  
  68  7:37  Probe  
  57  7:55  Probe  
  57  8:03  Void Ray  
  57  8:04  Probe  
  59  8:13  Probe  
  59  8:14  Void Ray  
  60  8:22  Pylon  
  60  8:24  Pylon, Probe  
  61  8:30  Pylon  
  61  8:32  Probe  
  61  8:40  Probe  
  61  8:41  Probe  
  64  8:49  Photon Cannon  
  64  8:50  Photon Cannon  
  64  8:52  Shield Battery, Probe  
  64  8:53  Probe  
  64  8:54  Shield Battery, Void Ray  
  70  9:01  Photon Cannon  
  70  9:04  Probe  
  70  9:06  Pylon, Forge  
  70  9:07  Pylon  
  70  9:09  Assimilator  
  71  9:11  Void Ray  
  71  9:13  Assimilator  
  71  9:15  Photon Cannon  
  71  9:16  Probe, Photon Cannon  
  76  9:21  Photon Cannon  
  76  9:28  Probe, Photon Cannon  
  76  9:29  Photon Cannon  
  77  9:33  Photon Cannon  
  77  9:35  Shield Battery  
  77  9:36  Photon Cannon  
  77  9:40  Probe  
  77  9:43  Void Ray  
  82  9:48  Stargate  
  82  9:52  Probe  
  83  10:03  Stargate  
  83  10:04  Probe  
  84  10:07  Protoss Air Armor Level 1, Stargate  
  84  10:15  Void Ray  
  84  10:21  Pylon  
  84  10:22  Pylon  
  88  10:32  Void Ray  
  88  10:35  Pylon  
  92  10:38  Pylon, Void Ray  
  96  10:43  Photon Cannon  
  96  10:45  Photon Cannon  
  96  10:46  Photon Cannon  
  96  10:50  Protoss Shields Level 1  
  96  10:52  Pylon  
  96  10:54  Photon Cannon  
  96  10:55  Void Ray  
  100  11:03  Void Ray  
  104  11:09  Void Ray  
  108  11:15  Photon Cannon  
  108  11:19  Photon Cannon  
  108  11:35  Void Ray x2  
  116  12:01  Void Ray x3  
  120  12:17  Void Ray  
  120  12:22  Void Ray  
  128  12:48  Void Ray x3  
  136  13:00  Void Ray  
  136  13:05  Void Ray  
  140  13:32  Fleet Beacon  
  140  13:36  Gateway  
  140  13:38  Pylon  
  140  13:45  Nexus  
  140  13:52  Assimilator  
  140  13:56  Assimilator  
  140  14:02  Pylon  
  140  14:05  Pylon x2  
  140  14:09  Pylon  
  166  15:08  Photon Cannon  
Show
View Real Time Build Order
Export as new Build Order

OpuS Protoss 

Build Orders:  

Get SALT Encoding   

  12  0:00  Probe  
  13  0:13  Probe  
  14  0:21  Pylon  
  14  0:26  Probe  
  15  0:40  Gateway  
  15  0:42  Probe  
  16  0:50  Probe  
  16  0:53  Assimilator  
  16  0:56  Assimilator  
  17  1:04  Gateway  
  17  1:16  Forge  
  17  1:17  Probe  
  18  1:27  Probe  
  19  1:44  Cybernetics Core  
  19  1:47  Pylon  
  19  1:53  Probe  
  20  2:07  Probe  
  20  2:15  Probe  
  21  2:21  Warp Gate  
  21  2:22  Stalker  
  24  2:29  Stalker  
  26  2:47  Photon Cannon  
  26  2:48  Probe  
  26  2:54  Gateway  
  25  2:59  Adept  
  27  3:16  Stalker  
  27  3:18  Probe  
  30  3:37  Pylon  
  30  3:40  Pylon  
  30  3:47  Robotics Facility  
  30  3:55  Stalker  
  32  4:15  Zealot x2  
  36  4:31  Immortal  
  36  4:33  Nexus  
  36  4:37  Pylon  
  40  4:56  Photon Cannon  
  40  5:01  Sentry x3  
  46  5:30  Stalker  
  46  5:31  Stalker  
  46  5:32  Probe  
  49  5:44  Probe  
  48  5:51  Zealot  
  48  5:56  Twilight Council  
  40  5:58  Gateway  
  40  6:00  Probe  
  40  6:01  Pylon, Probe  
  34  6:13  Probe  
  35  6:22  Stalker x2  
  35  6:24  Zealot  
  35  6:25  Probe x2  
  39  6:40  Probe x2  
  39  6:44  Stalker  
  39  6:45  Stalker  
  43  6:52  Probe x2  
  45  6:54  Assimilator  
  45  7:04  Zealot x2, Probe  
  50  7:09  Zealot  
  50  7:34  Stalker x2  
  50  7:35  Stalker x2  
  55  7:37  Probe x2  
  52  7:47  Immortal  
  54  8:01  Zealot x3  
  54  8:02  Zealot, Probe  
  54  8:03  Probe  
  58  8:08  Assimilator  
  56  8:15  Probe  
  57  8:24  Stalker x4  
  63  8:30  Probe  
  63  8:33  Probe  
  65  8:44  Stargate  
  65  8:50  Zealot x3  
  65  8:52  Zealot  
  73  8:58  Probe x2  
  75  9:10  Probe  
  75  9:15  Stalker  
  75  9:16  Stalker  
  78  9:22  Shield Battery  
  78  9:25  Shield Battery  
  78  9:27  Pylon  
  78  9:29  Pylon  
  78  9:37  Blink  
  80  9:45  Probe x2  
  80  9:47  Void Ray  
  84  10:00  Stalker x3  
  84  10:03  Stalker  
  92  10:32  Void Ray  
  92  10:38  Nexus  
  94  10:45  Stalker x2  
  94  10:49  Pylon  
  82  10:51  Pylon  
  82  10:53  Pylon  
  78  11:08  Dark Shrine  
  78  11:12  Stalker x2  
  78  11:13  Stalker  
  78  11:17  Stalker  
  86  11:26  Void Ray  
  90  11:45  Zealot  
  90  11:46  Zealot x3  
  92  12:04  Void Ray  
  70  12:10  Stalker x3  
  70  12:12  Stalker  
  75  12:41  Stalker x4  
  75  12:42  Void Ray  
  49  13:07  Dark Templar x2  
  49  13:08  Dark Templar x2  
  32  14:11  Nexus  
  32  14:13  Pylon  
  32  14:15  Pylon  
  19  14:31  Fleet Beacon  
  19  14:35  Gateway  
Show
View Real Time Build Order
Export as new Build Order

Sketchaphone Zerg 

Build Orders: Hatch First 

Get SALT Encoding   

  12  0:01  Drone  
  13  0:14  Overlord  
  13  0:21  Drone  
  14  0:34  Drone x2  
  16  0:39  Drone  
  17  0:58  Drone  
  17  0:59  Hatchery  
  17  1:17  Drone  
  18  1:20  Spawning Pool  
  18  1:21  Extractor  
  16  1:32  Drone  
  17  1:34  Drone x2  
  19  1:44  Drone  
  20  1:53  Overlord  
  20  2:10  Queen  
  20  2:11  Queen  
  20  2:15  Drone  
  25  2:22  Metabolic Boost  
  25  2:27  Drone  
  25  2:28  Drone  
  27  2:37  Roach Warren  
  26  3:00  Spine Crawler  
  25  3:18  Roach x5  
  25  3:19  Overlord  
  35  3:21  Zergling x2  
  36  3:34  Overlord  
  36  3:36  Overlord  
  34  3:43  Ravager  
  34  3:47  Roach  
  34  3:48  Zergling x4  
  34  4:03  Roach  
  34  4:05  Roach, Hatchery  
  37  4:15  Drone  
  37  4:16  Roach  
  40  4:17  Drone  
  41  4:33  Roach, Zergling x2  
  41  4:35  Drone  
  45  4:44  Roach  
  45  4:45  Roach  
  49  5:01  Drone x2  
  51  5:11  Hatchery  
  43  5:41  Zergling x12  
  49  5:48  Roach  
  49  5:49  Ravager x2  
  50  5:55  Roach  
  44  6:11  Zergling x6  
  44  6:16  Evolution Chamber  
  46  6:22  Evolution Chamber  
  42  6:45  Roach  
  42  6:46  Roach x4  
  49  6:47  Zergling x16  
  49  6:53  Extractor  
  56  7:05  Overlord x2  
  48  7:49  Roach x9  
  48  7:50  Roach x2  
  62  7:54  Roach  
  52  8:27  Lair  
  52  8:33  Zergling x18  
  61  8:40  Zerg Missile Weapons Level 1  
  61  9:13  Zerg Ground Armor Level 1  
  33  10:01  Zergling x24  
  36  10:40  Infestation Pit  
  35  10:44  Hatchery  
  23  11:08  Zergling x2  
  24  11:15  Zerg Melee Weapons Level 1  
  24  12:10  Spine Crawler  
  18  12:23  Zergling x20  
Tags
 
Add a new tag
Caveats
  • Supply blocks, unpowered buildings, or Contaminate may cause inaccurate times.
  • Supply counts are checked every 10 seconds.